 Dungeon Crawl Stone Soup version 0.22.0-49-gab54619674 (webtiles) character file.

221 Drachen the Sneak (level 5, -1/34 HPs)
             Began as an Octopode Transmuter on Sept 2, 2018.
             Slain by an orc
             ... wielding a +0 whip
              (5 damage)
             ... on level 3 of the Dungeon.
             The game lasted 00:06:37 (2397 turns).

Drachen the Sneak (Octopode Transmuter)             Turns: 2397, Time: 00:06:37

Health: -1/34      AC:  1    Str:  8 (9)  XL:     5   Next: 98%
Magic:  8/8        EV: 14    Int: 15      God:
Gold:   60         SH:  0    Dex: 14      Spells: 5/8 levels left

rFire    . . .     SeeInvis .     - Unarmed
rCold    . . .     Gourm    .   (no shield)
rNeg     . . .     Faith    .   (helmet restricted)
rPois    .         Spirit   .   (no amulet)
rElec    .         Reflect  .   (no ring)
rCorr    .         Harm     .   (no ring)
MR       .....                  (no ring)
Stlth    ++++......             (no ring)
HPRegen  0.11/turn              (no ring)
MPRegen  0.11/turn              (no ring)
                                (no ring)
                                (no ring)

@: no status effects
A: almost no armour, stealthy swim, amphibious, 8 rings, constrict 8, camouflage
1, gelatinous body 1
a: no special abilities


You were on level 3 of the Dungeon.
You were hungry.

You visited 1 branch of the dungeon, and saw 3 of its levels.

You collected 60 gold pieces.

Inventory:

Hand Weapons
 d - a +0 dagger
Missiles
 a - 30 arrows
Wands
 b - a wand of flame (23)
Comestibles
 c - 2 rations


   Skills:
 + Level 2.0 Fighting
 + Level 2.6 Dodging
 - Level 6.5 Stealth
 + Level 3.5 Unarmed Combat
 - Level 2.0 Spellcasting
 - Level 2.0 Transmutations


You had 5 spell levels left.
You knew the following spells:

 Your Spells              Type           Power        Failure   Level  Hunger
a - Beastly Appendage     Tmut           #.....       10%         1    #......
b - Sticks to Snakes      Tmut           #.......     14%         2    ###....

Your spell library contained the following spells:

 Spells                   Type           Power        Failure   Level  Hunger
 Spider Form              Tmut/Pois      #.........   41%         3    ###....
 Ice Form                 Ice/Tmut       #.......     82%         4    #####..
 Blade Hands              Tmut           #.........   95%         5    ######.


Dungeon Overview and Level Annotations

Branches:
Dungeon (3/15)

Altars:
Trog
The Shining One


Innate Abilities, Weirdness & Mutations

You cannot wear most types of armour.
You are very stealthy in the water. (Stealth+)
You are amphibious.
You can wear up to eight rings at the same time.
You can use your tentacles to constrict eight enemies at once.
Your skin changes colour to match your surroundings (Stealth+).
Your rubbery body absorbs attacks. (AC +1, EV +1)


Message History

The goblin misses you.
You tentacle-slap the goblin but do no damage.
You tentacle-slap the goblin, but do no damage.
You squeeze the goblin.
You kill the goblin!
You tentacle-slap the giant cockroach. You grab the giant cockroach.
You squeeze the giant cockroach.
You kill the giant cockroach!
You start resting.
The orc is too close now for your liking.
Items here: ) [[ †† a robe; a leather armour; a falchion; a goblin corpse; an orc corpse The orc shouts!
You see here a helmet.
An adder comes into view.
You see here a helmet.
You tentacle-slap the orc. Your grab misses the orc.
The orc is lightly wounded.
The orc hits you with a whip.
You die...

.# .# S# #.#
.# #.# .#
##.###### .#
##.......###.#
#.......o@...#
......#.#####
#.####[#
#.o...)#
#.###### #.#
#.# #.#####
#.?...###


You could see an orc.

Vanquished Creatures
  2 orc priests (D:3)
  2 orc wizards (D:3)
  Terence (D:2)
  An adder (D:2)
  An ooze (D:2)
  An adder skeleton (D:3)
  A dart slug (D:1)
  A leopard gecko (D:2)
  11 orcs
  A ball python (D:2)
  4 giant cockroaches
  5 goblins
  5 hobgoblins
  4 kobolds
  5 bats
  2 frilled lizards
  5 rats
52 creatures vanquished.

Notes
Turn   | Place    | Note
-------+----------+-------------------------------------------
     0 | D:1      | Drachen the Octopode Transmuter began the quest for the
                  | Orb.
     0 | D:1      | Reached XP level 1. HP: 13/13 MP: 3/3
    94 | D:1      | Reached skill level 1 in Stealth
   212 | D:1      | Reached skill level 2 in Stealth
   213 | D:1      | Reached XP level 2. HP: 17/18 MP: 5/5
   313 | D:1      | Reached skill level 3 in Stealth
   596 | D:2      | Learned a level 2 spell: Sticks to Snakes
   613 | D:2      | Noticed Terence
   632 | D:2      | Killed Terence
   632 | D:2      | Reached skill level 4 in Stealth
   632 | D:2      | Reached XP level 3. HP: 2/23 MP: 6/6
  1202 | D:2      | Reached skill level 5 in Stealth
  1321 | D:2      | Found a faded altar of an unknown god.
  1334 | D:2      | Reached XP level 4. HP: 27/28 MP: 7/7
  1725 | D:3      | Reached skill level 6 in Stealth
  1916 | D:3      | Found a glowing golden altar of the Shining One.
  1952 | D:2      | Reached XP level 5. HP: 17/33 MP: 8/8
  2141 | D:3      | Found a bloodstained altar of Trog.
  2397 | D:3      | Slain by an orc

Skill      XL: |  1  2  3  4  5 |
---------------+----------------+-----
Stealth        | 2 4 5 6 |  6.5
Fighting       | 2 |  2.0
Dodging        | |  2.6
Unarmed Combat | |  3.5
Spellcasting   | |  2.0
Transmutations | |  2.0

Action                   |  1- 3 |  4- 6 || total
-------------------------+-------+-------++-------
Melee: Unarmed           |    75 |    61 ||   136
       Constrict         |    20 |    16 ||    36
       Tentacles         |    12 |    16 ||    28
       Dagger            |     3 |     5 ||     8
       Punch             |       |     1 ||     1
  Use: Scroll            |     3 |     1 ||     4
       Potion            |     1 |     1 ||     2
 Stab: Sleeping          |     9 |     6 ||    15
  Eat: Chunk             |       |     4 ||     4
Armor: Skin              |     6 |     3 ||     9
Dodge: Dodged            |    36 |    46 ||    82
